 Dungeon Sprint DCSS version 0.27.0-66-gdc8fb28755 (webtiles) character file.

Game seed: 2969526862276769804

1240 styxcanada the Unseen (level 8, -11/42 HPs)
             Began as a Spriggan Brigand on Aug 20, 2021.
             Was an Initiate of Gozag.
             Killed from afar by Erica (21 damage)
             ... with a bolt of poison
             ... in the Dungeon (Sprint III: "The Ten Rune Challenge").
             The game lasted 00:07:40 (1567 turns).

styxcanada the Unseen (Spriggan Brigand)            Turns: 1567, Time: 00:07:40

Health: -11/42     AC:  3    Str:  7    XL:     8   Next: 25%
Magic:  18/18      EV: 23    Int: 12    God:    Gozag
Gold:   524        SH:  0    Dex: 21    Spells: 15/19 levels left

rFire    . . .     SeeInvis +   a - +2 dagger
rCold    . . .     Faith    .   (shield restricted)
rNeg     . . .     Spirit   .   b - +0 robe
rPois    .         Reflect  .   (helmet restricted)
rElec    +         Harm     .   c - +0 cloak
rCorr    .         Rampage  .   (gloves unavailable)
Will     +....     NoTele   +   (boots unavailable)
Stlth    ++++++++..             (no amulet)
HPRegen  0.14/turn              (no ring)
MPRegen  0.16/turn              (no ring)

@: lethally poisoned (-11 -> -26), very quick
A: very small, no large weapons, unfitting armour, see invisible, speed 3, thin
skeletal structure 1, electricity resistance
a: Renounce Religion, Potion Petition, Call Merchant, Bribe Branch


You were in the Dungeon.
You worshipped Gozag.
Gozag was pleased with you.
You visited 1 branch You collected 524 gold pieces.

Inventory:

Hand Weapons
 a - a +2 dagger (weapon)
 m - a +1 long sword of holy wrath
Missiles
 d - 5 poisoned darts (quivered)
 e - 2 curare-tipped darts
 l - 22 stones
Armour
 b - a +0 robe (worn)
 c - a +0 cloak (worn)
Scrolls
 k - a scroll of blinking
 n - a scroll of immolation {unknown}
 o - 2 scrolls of identify {unknown}
 p - a scroll of holy word {unknown}
Potions
 f - 2 potions of curing
 g - 2 potions of heal wounds
 h - a potion of haste
 i - 2 potions of magic
 j - 2 potions of berserk rage
 q - 3 potions of might


   Skills:
 * Level 4.7 Fighting
 + Level 4.9 Short Blades
 + Level 4.7 Throwing
 * Level 7.8 Dodging
 * Level 18.8 Stealth
 * Level 6.3 Spellcasting
 * Level 5.9 Hexes
 * Level 2.6 Summonings


You had 15 spell levels left.
You knew the following spells:

 Your Spells              Type           Power      Damage    Failure   Level
a - Corona                Hex            20%        N/A       1%          1
b - Call Canine Familiar  Summ           10%        N/A       19%         3

Your spell library contained the following spells:

 Spells                   Type           Power      Damage    Failure   Level
 Summon Small Mammal      Summ           40%        N/A       6%          1
 Portal Projectile        Hex/Tloc       20%        N/A       16%         3
 Animate Skeleton         Necr           6%         N/A       19%         1
 Apportation              Tloc           6%         N/A       19%         1
 Leda's Liquefaction      Hex/Erth       5%         N/A       45%         4
 Animate Dead             Necr           1%         N/A       87%         4
 Haunt                    Necr/Summ      3%         N/A       100%        7
 Infestation              Necr           1%         N/A       100%        8


Dungeon Overview and Level Annotations

Branches:
Dungeon (1/1)

Altars:
Cheibriados
Dithmenos
Elyvilon
Fedhas
Gozag
Hepliaklqana
Kikubaaqudgha
Makhleb
Nemelex Xobeh
Okawaru
Qazlal
Ru
Sif Muna
Trog
Uskayaw
Vehumet
Wu Jian
Xom
Yredelemnul
Zin
The Shining One
Beogh
Jiyva
Lugonu

Annotations:
D Erica


Innate Abilities, Weirdness & Mutations

You are very small and have problems with some larger weapons.
You are too small for most types of armour.
You have supernaturally acute eyesight. (SInv)
You cover ground extremely quickly. (Speed+++)
You have a somewhat thin skeletal structure. (Dex +2, Stealth+)
You are resistant to electric shocks. (rElec)


Message History

There is an open door here.
You enter the shallow water.
Moving in this stuff is going to be slow.
Erica the Fiery-Tempered comes into view.
She is wielding a +3 scimitar of flaming.
Erica shouts!
Erica points at you and mumbles some strange words.
The bolt of poison misses you.
Unknown command.
You enter the shallow water.
Moving in this stuff is going to be slow.
Erica misses you. Erica casts a spell at you. The lance of force hits you!!
You are knocked back by the lance of force.
You slam into the rock wall!
* * * LOW HITPOINT WARNING * * *
Throw: 24 stones
Press: ? - help, Q - select action, (/) - cycle Shift-Dir - straight line, f - you
Okay, then.
There is an open door here.
Throw: 24 stones
Press: ? - help, Q - select action, (/) - cycle Shift-Dir - straight line, f - Erica
Aim: Erica, wielding a +3 scimitar of flaming and wearing a +2 robe (black smoke, 63% to hit)
You throw a stone. The stone closely misses Erica.
Unknown command.
There is an open door here.
Throw: 23 stones
Press: ? - help, Q - select action, (/) - cycle Shift-Dir - straight line, f/p - Erica
Aim: Erica, wielding a +3 scimitar of flaming and wearing a +2 robe (63% to hit)
You throw a stone.
The stone hits Erica but does no damage.
Throw: 6 darts (poison)
Press: ? - help, Q - select action, (/) - cycle Shift-Dir - straight line, f/p - Erica
Aim: Erica, wielding a +3 scimitar of flaming and wearing a +2 robe (63% to hit)
You throw a poisoned dart. The poisoned dart barely misses Erica.
Erica points at you and mumbles some strange words.
The bolt of poison hits you!!
You are lethally poisoned!
Ouch! That really hurt!
You die...
Your body crumbles into a pile of gold. ▓ ▓▓▓ ♣♣♣ ♣.############$ $ ♣.♣ ♣♣.#___#___#__#$ $ $ ..♣ ♣..#...#__)#._#$$ $ ≈.♣ ♣..###'#'###'## $ $ ≈.♣♣♣..#..........#$ ≈≈♣....'.⌠......@.# $$ $$$$

≈≈≈≈...#...######'#$$ $$$
$
≈≈≈....#.⌠.#__#...#+#####
≈≈.....#...#__#..@#§@§§§+
.......#'###_v#...#§#§§§#
.......#.))#__#...(.#@§.#
.......#___#__'..(#.#.§§#
▓▓▓▓▓▓▓▓▓▓▓▓▓▓▓▓▓▓▓▓▓▓▓▓▓


You could see Erica.

Vanquished Creatures
  A deep elf pyromancer (D)
  A shadow (D)
  A spatial vortex (D)
  A necrophage (D)
  A water elemental (D)
  A jelly (D)
  Jessica (D)
  A wizard (D)
  A necromancer (D)
  3 humans (D)
  A kobold demonologist (D)
  A wolf (D)
  2 endoplasms (D)
  A rat (D)
17 creatures vanquished.

Vanquished Creatures (others)
  A plant (D)
1 creature vanquished.

Grand Total: 18 creatures vanquished

Notes
Turn   | Place    | Note
-------+----------+-------------------------------------------
     0 | D        | styxcanada the Spriggan Brigand began the quest for the
                  | Orb.
     0 | D        | Reached XP level 1. HP: 10/10 MP: 2/2
     8 | D        | Reached skill level 6 in Stealth
   354 | D        | Noticed Jessica
   357 | D        | Killed Jessica
   358 | D        | Reached skill level 9 in Stealth
   358 | D        | Reached XP level 2. HP: 15/15 MP: 3/3
   358 | D        | Reached XP level 3. HP: 18/18 MP: 4/4
   366 | D        | Learned a level 1 spell: Corona
   520 | D        | Reached skill level 10 in Stealth
   520 | D        | Reached skill level 1 in Spellcasting
   520 | D        | Reached skill level 1 in Hexes
   674 | D        | Gained mutation: You sometimes lose the ability to read
                  | scrolls when taking damage. [potion of mutation]
   674 | D        | Gained mutation: You are dopey. (Int -2) [potion of
                  | mutation]
   674 | D        | Gained mutation: You are partially covered in iridescent
                  | scales. (AC +2) [potion of mutation]
   675 | D        | Lost mutation: You sometimes lose the ability to read
                  | scrolls when taking damage. [potion of mutation]
   675 | D        | Lost mutation: You are partially covered in iridescent
                  | scales. (AC +2) [potion of mutation]
   675 | D        | Gained mutation: You have a pair of small horns on your
                  | head. [potion of mutation]
   675 | D        | Gained mutation: You evolve. [potion of mutation]
   676 | D        | Lost mutation: You are dopey. (Int -2) [potion of mutation]
   676 | D        | Lost mutation: You evolve. [potion of mutation]
   676 | D        | Lost mutation: You have a pair of small horns on your head.
                  | [potion of mutation]
   676 | D        | Gained mutation: You expend magic power (3 MP) to
                  | strengthen your wands. [potion of mutation]
   676 | D        | Gained mutation: You have a pair of small horns on your
                  | head. [potion of mutation]
   676 | D        | Gained mutation: You have large cloven feet. [potion of
                  | mutation]
   677 | D        | Lost mutation: You expend magic power (3 MP) to strengthen
                  | your wands. [potion of mutation]
   677 | D        | Lost mutation: You have a pair of small horns on your head.
                  | [potion of mutation]
   677 | D        | Lost mutation: You have large cloven feet. [potion of
                  | mutation]
   677 | D        | Gained mutation: You have a somewhat thin skeletal
                  | structure. (Dex +2, Stealth+) [potion of mutation]
   677 | D        | Gained mutation: You are resistant to electric shocks.
                  | (rElec) [potion of mutation]
   690 | D        | Noticed a water elemental
   693 | D        | Killed a water elemental
   694 | D        | Reached skill level 12 in Stealth
   694 | D        | Reached XP level 4. HP: 23/23 MP: 6/8
   719 | D        | Noticed a shadow
   721 | D        | Killed a shadow
   722 | D        | Reached skill level 5 in Dodging
   722 | D        | Reached skill level 14 in Stealth
   722 | D        | Reached XP level 5. HP: 28/28 MP: 8/11
   722 | D        | Reached XP level 6. HP: 32/32 MP: 8/12
   728 | D        | Found a blossoming altar of Fedhas.
   728 | D        | Found a stormy altar of Qazlal.
   728 | D        | Found a snail-covered altar of Cheibriados.
   728 | D        | Found a burning altar of Makhleb.
   728 | D        | Found a shimmering altar of Xom.
   728 | D        | Noticed a spatial vortex
   729 | D        | Found a hazy altar of Hepliaklqana.
   729 | D        | Found an opulent altar of Gozag.
   729 | D        | Found a sparkling altar of Nemelex Xobeh.
   729 | D        | Found a corrupted altar of Lugonu.
   729 | D        | Found a viscous altar of Jiyva.
   733 | D        | Became a worshipper of Gozag Ym Sagoz the Greedy
   874 | D        | Found a radiant altar of Vehumet.
   874 | D        | Found a shimmering blue altar of Sif Muna.
   874 | D        | Found an ancient bone altar of Kikubaaqudgha.
   879 | D        | Reached skill level 15 in Stealth
   891 | D        | Learned a level 3 spell: Call Canine Familiar
   896 | D        | Found a glowing silver altar of Zin.
   896 | D        | Found a glowing golden altar of the Shining One.
   896 | D        | Found a white marble altar of Elyvilon.
   897 | D        | Noticed a deep elf pyromancer
   899 | D        | Killed a deep elf pyromancer
   900 | D        | Reached skill level 17 in Stealth
   900 | D        | Reached skill level 5 in Spellcasting
   900 | D        | Reached skill level 5 in Hexes
   900 | D        | Reached skill level 1 in Summonings
   900 | D        | Reached XP level 7. HP: 38/38 MP: 13/16
   906 | D        | Found a hide-covered altar of Uskayaw.
   906 | D        | Found an iron altar of Okawaru.
   906 | D        | Found a bloodstained altar of Trog.
   906 | D        | Found an ornate altar of the Wu Jian Council.
   906 | D        | Noticed a human
   906 | D        | Noticed a human
   909 | D        | Killed a human
   910 | D        | Reached skill level 18 in Stealth
   910 | D        | Killed a human
   911 | D        | Reached XP level 8. HP: 42/42 MP: 14/18
   938 | D        | Found a basalt altar of Yredelemnul.
   938 | D        | Found a shadowy altar of Dithmenos.
   938 | D        | Found a sacrificial altar of Ru.
  1553 | D        | Noticed Erica
  1567 | D        | Killed from afar by Erica

Illustrated notes

Levels and vault maps discovered:
D:        dungeon_sprint_mu [sprint_mu_entry_forest, sprint_mu_temple_rooms,
          sprint_mu_d1_horrors, sprint_mu_d2_genie, sprint_mu_d3_branching,
          sprint_mu_orc_legion, sprint_mu_elf_gauntlet, sprint_mu_hive_nellie,
          sprint_mu_lair_fedhas, sprint_mu_vaults_butterflies,
          sprint_mu_slime_circle, sprint_mu_swamp_cave, sprint_mu_shoals_archi,
          sprint_mu_blade_basic, sprint_mu_crypt_fortress,
          sprint_mu_tomb_spiral, sprint_mu_vestibule_basic,
          sprint_mu_gehenna_hellfire, sprint_mu_dis_giant,
          sprint_mu_tartarus_statrot, sprint_mu_cocytus_islands, sprint_mu_zot1]

Skill      XL: |  1  2  3  4  5  6  7 |
---------------+----------------------+-----
Stealth        | 9 12 14 17 18 | 18.8
Fighting       | 2 3 4 |  4.7
Dodging        | 2 4 5 7 |  7.8
Spellcasting   | 2 3 5 6 |  6.3
Hexes          | 2 3 5 |  5.9
Short Blades   | 3 4 |  4.9
Throwing       | 3 4 |  4.7
Summonings     | 1 2 |  2.6

Action                   |  1- 3 |  4- 6 |  7- 9 || total
-------------------------+-------+-------+-------++-------
Melee: Dagger            |    30 |     6 |    51 ||    87
Throw: Dart              |    10 |       |     1 ||    11
       Stone             |     1 |       |     2 ||     3
  Use: Potion            |     4 |       |       ||     4
 Stab: Sleeping          |     5 |     5 |     4 ||    14
Armor: Robe              |     1 |       |       ||     1
Dodge: Dodged            |    17 |       |    14 ||    31
